 Dungeon Crawl Stone Soup version 0.29-a0-2-g12fcac58f8 (webtiles) character file.

Game seed: 1479899595827689058

1046 Pin the Skirmisher (level 8, -11/71 HPs)
             Began as a Hill Orc Fighter on Jan 27, 2022.
             Was a Follower of Makhleb.
             Killed by vampiric draining
             ... invoked by a vampire
              (19 damage)
             ... on level 7 of the Dungeon.
             The game lasted 00:13:52 (5884 turns).

Pin the Skirmisher (Hill Orc Fighter)               Turns: 5884, Time: 00:13:52

Health: -11/71     AC: 17    Str: 21    XL:     8   Next: 25%
Magic:  10/10      EV:  6    Int:  8    God:    Makhleb [*.....]
Gold:   302        SH:  5    Dex: 10    Spells: 7/7 levels left

rFire   . . .      SeeInvis .   a - +0 war axe
rCold   . . .      Faith    .   c - +0 buckler
rNeg    . . .      Spirit   .   o - +0 plate armour
rPois   .          Reflect  .   i - +2 helmet
rElec   .          Harm     .   (no cloak)
rCorr   .          Rampage  .   q - +0 pair of gloves
Will    .....                   (no boots)
Stlth   ..........              (no amulet)
HPRegen 0.21/turn               (no ring)
MPRegen 0.12/turn               (no ring)

@: mighty
A: no striking features
a: Renounce Religion


You were on level 7 of the Dungeon.
You worshipped Makhleb.
Makhleb was aware of your devotion.
You visited 1 branch of the dungeon, and saw 7 of its levels.

You collected 302 gold pieces.

Inventory:

Hand Weapons
 a - a +0 war axe (weapon)
Armour
 c - a +0 buckler (worn)
 i - a +2 helmet (worn)
 o - a +0 plate armour (worn)
 q - a +0 pair of gloves (worn)
Jewellery
 h - a ring of ice
Wands
 n - a wand of digging (2)
Scrolls
 g - 5 scrolls of teleportation
 j - a scroll of fog
 m - a scroll of identify
Potions
 b - 2 potions of curing {unknown}
 e - 2 potions of flight {unknown}
 f - 3 potions of brilliance
 k - a potion of attraction {unknown}
 l - a potion of lignification {unknown}


   Skills:
 + Level 6.3 Fighting
 + Level 6.2 Axes
 + Level 5.9 Armour
 + Level 5.8 Shields
 + Level 3.7 Invocations


You had 7 spell levels left.
You didn't know any spells.
Your spell library contained the following spells:

 Spells                   Type           Power      Damage    Failure   Level
 Apportation              Tloc           0%         N/A       100%        1
 Beastly Appendage        Tmut           0%         N/A       100%        1
 Slow                     Hex            0%         N/A       100%        1
 Wereblood                Tmut           0%         N/A       100%        2
 Confusing Touch          Hex            0%         N/A       100%        3
 Spider Form              Tmut/Pois      0%         N/A       100%        3
 Vampiric Draining        Necr           0%         2d6       100%        3
 Alistair's Intoxication  Tmut/Pois      0%         N/A       100%        5


Dungeon Overview and Level Annotations

Branches:
Dungeon (7/15)
 Temple: D:4-7

Altars:
Cheibriados
Fedhas
Kikubaaqudgha
Makhleb
Okawaru
Qazlal
Ru
Vehumet
Wu Jian
Yredelemnul


Message History

You feel less confused. You block something's attack.
Something bites you but does no damage. Something hits you but does no damage.
Something bites you.
* * * LOW HITPOINT WARNING * * *
Something draws strength from your injuries!
You hear some strange, mumbled words.
Something tries to affect you, but you resist.
A vampire appears from thin air!
Reactivating autopickup.
The vampire mumbles some strange words.
The vampire flickers and vanishes!
Deactivating autopickup; reactivate with Ctrl-A.
Something hits you.
* * * LOW HITPOINT WARNING * * *
Something bites you but does no damage.
There is a stone staircase leading down here.
You can't go up here!
You block something's attack. Something bites you.
* * * LOW HITPOINT WARNING * * *
Something draws strength from your injuries!
You climb downwards.
Reactivating autopickup.
Found 18 gold pieces and a potion of brilliance.
There is a stone staircase leading up here.
Deactivating autopickup; reactivate with Ctrl-A.
You hit something. Something hits you but does no damage.
Something bites you but does no damage. Something hits you but does no damage.
Something bites you.
* * * LOW HITPOINT WARNING * * *
Something draws strength from your injuries!
You see here 18 gold pieces.
You feel very mighty all of a sudden. Something hits you but does no damage.
Something bites you but does no damage.
You slash something! Something hits you but does no damage.
Something bites you but does no damage.
You closely miss something. Something hits you!
* * * LOW HITPOINT WARNING * * *
Something bites you but does no damage.
You hit something. Something draws life force from you!!
You die...

# #
#.#######.#
#..<...@..#
#..!..#######
#######


There were no monsters in sight!

Vanquished Creatures
  A phantom (D:4)
  A kobold brigand (D:6)
  3 scorpions (D:5)
  A howler monkey (D:3)
  A jelly (D:5)
  A bullfrog skeleton (D:5)
  4 hounds
  An orc priest (D:5)
  An iron imp (D:3)
  A scorpion zombie (D:5)
  Jessica (D:3)
  2 iguanas
  5 orc wizards
  A hound skeleton (D:5)
  Robin (D:3)
  8 adders
  A shadow imp (D:5)
  An adder skeleton (D:4)
  A worm (D:3)
  7 dart slugs
  18 orcs
  5 bats
  3 bat zombies (D:3)
  5 endoplasms
  4 giant cockroaches
  11 goblins
  5 hobgoblins (D:3)
  A quokka (D:1)
  5 ball pythons
  5 frilled lizards
  7 kobolds
  5 rats
117 creatures vanquished.

Vanquished Creatures (others)
  2 fungi (D:4)
2 creatures vanquished.

Grand Total: 119 creatures vanquished

Notes
Turn   | Place    | Note
-------+----------+-------------------------------------------
     0 | D:1      | Pin the Hill Orc Fighter began the quest for the Orb.
     0 | D:1      | Reached XP level 1. HP: 19/19 MP: 1/1
   102 | D:1      | Reached XP level 2. HP: 19/27 MP: 2/2
   872 | D:2      | Found a faded altar of an unknown god.
   900 | D:2      | Reached XP level 3. HP: 33/33 MP: 3/3
  1268 | D:2      | Reached XP level 4. HP: 28/40 MP: 4/4
  2039 | D:3      | Reached XP level 5. HP: 39/47 MP: 5/5
  2135 | D:3      | Found a snail-covered altar of Cheibriados.
  2140 | D:3      | Noticed Jessica
  2149 | D:3      | Killed Jessica
  2275 | D:3      | Noticed Robin
  2289 | D:3      | Killed Robin
  2292 | D:3      | Reached skill level 5 in Fighting
  2292 | D:3      | Reached XP level 6. HP: 17/56 MP: 6/6
  2796 | D:3      | Found an ancient bone altar of Kikubaaqudgha.
  3125 | D:4      | Identified the +1 chain mail "Perump" {rCorr}
  3303 | D:4      | Found a burning altar of Makhleb.
  3317 | D:4      | Became a worshipper of Makhleb the Destroyer
  3341 | D:4      | Reached skill level 5 in Axes
  3341 | D:4      | Reached skill level 1 in Invocations
  3347 | D:4      | Reached skill level 5 in Armour
  3347 | D:4      | Reached XP level 7. HP: 38/61 MP: 6/8
  3528 | D:4      | Reached skill level 5 in Shields
  3654 | D:4      | Found a stormy altar of Qazlal.
  3661 | D:4      | Found a blossoming altar of Fedhas.
  3760 | D:4      | Found an ornate altar of the Wu Jian Council.
  4253 | D:5      | Entered Level 5 of the Dungeon
  4428 | D:5      | Found an iron altar of Okawaru.
  4429 | D:5      | Found a sacrificial altar of Ru.
  4437 | D:5      | Identified the +3 leather armour of Liberalism {rC+ Str+4}
  4846 | D:5      | Reached * piety under Makhleb
  5189 | D:5      | Reached XP level 8. HP: 57/70 MP: 10/10
  5826 | D:6      | Found a radiant altar of Vehumet.
  5830 | D:6      | Found a basalt altar of Yredelemnul.
  5831 | D:6      | Noticed a vampire
  5884 | D:7      | Killed from afar by a vampire

Illustrated notes

Levels and vault maps discovered:
D:1:      lemuel_arrival_muddy, layout_loops_ring,
          chequers_serial_rivers_small_3, grunt_decor_junction
D:2:      layout_loops_ring, basic_ecumenical_altar, kennysheep_generic_room_7
D:3:      layout_basic, slow_altar_1, lemuel_zombie_altar_kikubaaqudgha,
          uniq_jessica, uniq_robin
D:4:      layout_basic, pf_just_have_faith, mainiacjoe_overflow_tiny_flanked,
          grunt_temple_overflow_forces_of_nature
D:5:      layout_loops_ring, mainiacjoe_overflow_catwalk_spiral,
          kennysheep_generic_room_5
D:6:      layout_loops_ring, grunt_temple_overflow_diamond,
          minmay_temple_entry_statues_fountains, sigmund_army
D:7:      layout_basic, lemuel_coloured_pillars_altar, serial_shops, shop

Skill      XL: |  1  2  3  4  5  6  7  8 |
---------------+-------------------------+-----
Axes           | 3 4 5 6 |  6.2
Fighting       | 4 5 6 |  6.3
Armour         | 4 5 |  5.9
Shields        | 4 5 |  5.8
Invocations    | 1 3 |  3.7

Action                   |  1- 3 |  4- 6 |  7- 9 || total
-------------------------+-------+-------+-------++-------
Melee: War axe           |    74 |   136 |   152 ||   362
  Use: Scroll            |       |       |     9 ||     9
       Potion            |       |       |     1 ||     1
Armor: Scale mail        |    40 |    71 |       ||   111
       Chain mail        |       |    17 |    28 ||    45
       Plate armour      |       |       |   103 ||   103
Dodge: Dodged            |    34 |    69 |    46 ||   149
Block: Buckler           |    15 |    47 |    34 ||    96

Table legend: (Time is in decaauts)
 A = Elapsed time spent in this place.
 B = Non-inter-level travel time spent in this place.
 C = Inter-level travel time spent in this place.
 D = Time resting spent in this place.
 E = Time spent auto-exploring this place.
 F = Levels seen in this place.
 G = Mean time per level.
                   A        B        C        D        E       F      G
               +--------+--------+--------+--------+--------+-----+--------+
         Total |   6002 |   5849 |    153 |    574 |   4193 |   7 |  857.4 |
       Dungeon |   6002 |   5849 |    153 |    574 |   4193 |   7 |  857.4 |
               +--------+--------+--------+--------+--------+-----+--------+

Top non-repeatable levels by time:
     D:4: 1329 daAuts
     D:5: 1299 daAuts
     D:3: 1129 daAuts
     D:2: 1002 daAuts
     D:1: 881 daAuts
     D:6: 351 daAuts
     D:7: 9 daAuts
